AoeStats
← 寂寞帅哥等爱

Nomad

507196319Analyzed
4v4 RM · 16d ago on Sep 17, 2026· 42m 22s· 8 players
Game mode
Random Map
Map size
231×231
Population
200
Speed
Normal
Resources
Standard
Victory
Conquest
Starting age
Dark Age
Ending age
Imperial Age
RankedLock teamsTeams togetherTeam positionsShared explorationLock speedFull tech treeHidden civsTurbo modeCheats
Victory
Defeat
🇦🇷 Spanish · Argentina
1483
+9
🇦🇷 Persians · Argentina
1406
+12
🇦🇷 Italians · Argentina
1296
+16
🇲🇽 Celts · Mexico
1280
+16
🇦🇷 Teutons · Argentina
1328
-14
🇺🇸 Vietnamese · United States
1326
-14
🇲🇽 Japanese · Mexico
1306
-13
1277
-12
[Zelda] Skull kid
5:14 Loom
13:32 Feudal Age
14:09 Double-Bit Axe
16:38 Wheelbarrow
17:19 Fletching
23:29 Castle Age
24:25 Medium Warships
24:30 Bodkin Arrow
Juanki
3:08 Loom
15:51 Feudal Age
17:31 Double-Bit Axe
20:35 Castle Age
18:49 Horse Collar
20:14 Wheelbarrow
21:09 Fletching
21:30 Forging
30:44 Town Watch
32:40 Bow Saw
33:29 Hand Cart
33:15 Town Patrol
34:30 Medium Warships
37:49 Imperial Age
35:20 Gold Mining
35:20 Stone Mining
35:20 Gold Mining
35:20 Stone Mining
36:47 Scale Barding Armor
37:17 Iron Casting
37:12 Bloodlines
38:55 Conscription
38:08 Cavalier
39:43 Crenellations
40:04 Bodkin Arrow
41:09 Blast Furnace
41:56 Ballistics
42:36 Chemistry
Dark Magician
5:00 Loom
15:08 Feudal Age
19:06 Castle Age
18:04 Double-Bit Axe
18:15 Gold Mining
20:20 Fletching
22:04 Horse Collar
23:47 Bow Saw
25:05 Bodkin Arrow
27:35 Ballistics
29:31 Padded Archer Armor
32:11 Town Watch
36:11 Wheelbarrow
40:23 Imperial Age
38:45 Leather Archer Armor
40:27 Hand Cart
42:08 Chemistry
42:21 Bracer
寂寞帅哥等爱
4:45 Loom
14:16 Feudal Age
15:38 Fishing Lines
23:19 Castle Age
22:51 Double-Bit Axe
22:58 Gold Mining
24:36 Wheelbarrow
24:14 Bow Saw
32:09 Horse Collar
37:14 Imperial Age
34:42 Stone Mining
35:41 Heavy Plow
36:44 Husbandry
36:06 Cavalier
37:49 Two-Man Saw
38:20 Scale Barding Armor
38:26 Forging
38:40 Conscription
39:44 Burgundian Vineyards
40:47 Gold Shaft Mining
41:38 Chemistry
40:59 Ballistics
41:07 Hand Cart
40:59 Town Watch
40:38 Light Cavalry
41:58 Iron Casting
41:43 Chain Barding Armor
42:25 Town Patrol
Lord Elendil
3:10 Loom
11:45 Feudal Age
13:08 Double-Bit Axe
19:41 Castle Age
19:37 Fletching
32:39 Horse Collar
33:28 Bow Saw
38:32 Imperial Age
37:55 Gold Mining
38:20 Scale Mail Armor
38:41 Pikeman
40:50 Conscription
42:17 Bodkin Arrow
FernecitoBranca
13:31 Feudal Age
16:56 Castle Age
16:08 Fletching
16:17 Gold Mining
16:16 Double-Bit Axe
16:45 Loom
19:35 Horse Collar
23:55 Wheelbarrow
23:31 Padded Archer Armor
24:24 Heavy Plow
29:56 Imperial Age
27:48 Bodkin Arrow
29:16 Leather Archer Armor
29:59 Bow Saw
31:42 Chemistry
31:52 Bracer
32:58 Ring Archer Armor
36:40 Elite Genoese Crossbowman
39:49 Hand Cart
41:21 Ballistics
Narygol
11:11 Loom
13:39 Feudal Age
14:11 Double-Bit Axe
17:13 Fletching
19:38 Castle Age
19:36 Fishing Lines
20:02 Bodkin Arrow
20:26 Medium Warships
22:13 Bow Saw
24:45 Horse Collar
30:43 Wheelbarrow
31:11 Heavy Plow
37:58 Imperial Age
36:25 Hand Cart
36:42 Scale Barding Armor
36:48 Forging
38:26 Chain Barding Armor
39:08 Iron Casting
39:11 Bloodlines
39:02 Husbandry
40:07 Plate Barding Armor
40:27 Gold Mining
40:27 Stone Mining
40:00 Cavalier
40:50 Town Watch
42:19 Gold Shaft Mining
42:41 Crop Rotation
42:28 Town Patrol
41:56 Savar
43:57 Blast Furnace
Cazaputas42
2:58 Loom
14:27 Feudal Age
18:52 Castle Age
17:49 Double-Bit Axe
19:39 Fishing Lines
20:12 Medium Warships
21:04 Padded Archer Armor
22:01 Leather Archer Armor
21:41 Horse Collar
24:38 Wheelbarrow
23:48 Town Watch
27:15 Bow Saw
27:58 Heavy Plow
28:11 Siphons
30:37 Careening
30:46 Clinker Construction
31:52 Ballistics
32:00 Gold Mining
32:00 Stone Mining
32:15 Fishing Lines
34:13 Hand Cart
36:17 Stone Shaft Mining
39:53 Imperial Age
37:39 Scale Barding Armor
37:44 Forging
39:01 Chain Barding Armor
39:53 Iron Casting
41:15 Plate Barding Armor
40:02 Cavalier
40:42 Husbandry
40:52 Bloodlines
41:46 Chemistry
41:35 Conscription
42:36 Blast Furnace
41:27 Paladin
Connection lost

Rejoining the realm…

Still unreachable

The connection could not be restored.

Session expired

The server has moved on; the page needs a fresh start.